 Dungeon Crawl Stone Soup version 0.30.1-3-gfc49f6343a (webtiles) character file.

Game seed: 4975989486449321696

376 monsoonserge the Chiller (level 6, -3/66 HPs)
             Began as a Gnoll Ice Elementalist on July 20, 2023.
             Slain by a scorpion (6 damage)
             ... on level 4 of the Dungeon.
             The game lasted 00:11:20 (3230 turns).

monsoonserge the Chiller (Gnoll Ice Elementalist)   Turns: 3230, Time: 00:11:21

Health: -3/66      AC:  3    Str:  4 (7)  XL:     6   Next: 73%
Magic:  6/14       EV: 12    Int: 21 (22) God:
Gold:   207        SH:  0    Dex: 10 (12) Spells: 8/15 levels left

rFire   + . .        b - +2 short sword (vamp)
rCold   . . .        (no shield)
rNeg    . . .        m - +0 leather armour
rPois   .            (no helmet)
rElec   .            n - -2 cloak "Kozy" {rF+ Int+5 Stlth-}
rCorr   .            (no gloves)
SInv    .            r - +0 pair of boots
Will    .....        (no amulet) Stlth
                     (no ring)
HPRegen 0.31/turn    (no ring)
MPRegen 0.14/turn

%: no passive effects
@: berserking (expiring), lethally poisoned (-3 -> -12), very quick
A: fangs 1, strong nose, distributed training
a: no special abilities


You were on level 4 of the Dungeon.
You visited 1 branch of the dungeon, and saw 4 of its levels.

You collected 207 gold pieces.

Inventory:

Hand Weapons
 b - a +2 vampiric short sword (weapon)
 t - a +3 short sword of draining
Missiles
 d - 2 throwing nets
 k - 4 poisoned darts
Armour
 m - a +0 leather armour (worn)
 n - the -2 cloak "Kozy" (worn) {rF+ Int+5 Stlth-}
   (You found it on level 3 of the Dungeon)

   Int:       It affects your intelligence (+5).
   rF:        It protects you from fire.
   Stlth:     It makes you less stealthy.
 r - a +0 pair of boots (worn)
Magical Staves
 a - a staff of cold
 i - a staff of poison
Scrolls
 f - a scroll of brand weapon {unknown}
 g - 3 scrolls of identify {unknown}
 j - 4 scrolls of immolation {unknown}
 o - 2 scrolls of fear {unknown}
 q - 2 scrolls of enchant armour {unknown}
Potions
 c - a potion of magic
 e - 3 potions of curing
 h - a potion of degeneration
 l - a potion of haste {unknown}
 p - a potion of berserk rage
 s - a potion of attraction {unknown}


   Skills:
 + Level 2.1 Fighting
 + Level 2.1 Short Blades
 + Level 2.1 Long Blades
 + Level 2.1 Axes
 + Level 2.1 Maces & Flails
 + Level 2.1 Polearms
 + Level 2.1 Staves
 + Level 2.1 Ranged Weapons
 + Level 2.1 Throwing
 + Level 2.1 Armour
 + Level 5.1 Dodging
 + Level 4.7 Stealth
 + Level 2.1 Shields
 + Level 2.1 Unarmed Combat
 + Level 5.4 Spellcasting
 + Level 1.7 Conjurations
 + Level 1.7 Hexes
 + Level 1.7 Summonings
 + Level 1.7 Necromancy
 + Level 1.7 Translocations
 + Level 1.7 Transmutations
 + Level 1.7 Fire Magic
 + Level 7.3 Ice Magic
 + Level 1.7 Air Magic
 + Level 1.7 Earth Magic
 + Level 1.7 Poison Magic
 + Level 2.4 Invocations
 + Level 2.1 Evocations


You had 8 spell levels left.
You knew the following spells:

 Your Spells              Type           Power      Damage    Failure   Level
a - Freeze                Ice            100%       1d10      1%          1
b - Frozen Ramparts       Ice            72%        1d11      2%          3
c - Ozocubu's Armour      Ice            36%        N/A       2%          3

Your spell library contained the following spells:

 Spells                   Type           Power      Damage    Failure   Level
 Summon Ice Beast         Ice/Summ       24%        N/A       26%         4


Dungeon Overview and Level Annotations

Branches:
Dungeon (4/15)
 Temple: D:4-7

Altars:


Innate Abilities, Weirdness & Mutations

You have very sharp teeth.
Your uncanny sense of smell can sniff out nearby items.
Your experience applies equally to all skills.


Message History

A red film seems to cover your vision as you go berserk!
You feel yourself moving faster!
You feel mighty! The phantom closely misses you.
You hit the phantom. You freeze the phantom. You bite the phantom!
The phantom is severely damaged.
The phantom closely misses you.
You hit the phantom!
The phantom is almost destroyed.
The phantom hits you.
* * * LOW HITPOINT WARNING * * *
You hit the phantom.
You destroy the phantom!
You hit the adder zombie!
The adder zombie is severely damaged.
The adder zombie bites you but does no damage.
You barely miss the adder zombie.
The adder zombie is severely damaged.
The hound skeleton closely misses you.
You feel a sense of dread.
b - a +2 vampiric short sword (weapon)
You closely miss the scorpion. The hound skeleton barely misses you.
You barely miss the scorpion. The hound skeleton closely misses you.
The scorpion stings you.
* * * LOW HITPOINT WARNING * * *
You hit the scorpion.
You feel better.
The scorpion is lightly wounded.
You hit the scorpion.
You feel better.
The scorpion is moderately wounded.
The scorpion stings you but does no damage.
You closely miss the scorpion.
The scorpion is moderately wounded.
The scorpion stings you.
* * * LOW HITPOINT WARNING * * *
You are lethally poisoned!
The scorpion poisons you!
You hit the scorpion but do no damage.
The scorpion is moderately wounded.
* * * LOW HITPOINT WARNING * * *
You feel sick. The scorpion stings you.
You die...

.##. ##....##
.Z§Z§....
##......##.§§§§§...
#.!......#..§.§§...
..... .....§§§ #.. ##
###..##.....§# ##..
#..#.##..##.....###..#
#)....WZ.....##.......
#.@sZ..#........#..
####....(..#....##.
##..##.......##.
#...##......##.
##..##......#..
#...#......#..
#.............
#...§.........
#..<..(....<..


You could see a phantom, a scorpion, an adder zombie and a hound skeleton.

Vanquished Creatures
  A phantom (D:4)
  A water moccasin skeleton (D:4)
  Natasha (D:3)
  An iguana (D:3)
  A scorpion zombie (D:4)
  A hound zombie (D:4)
  3 gnolls
  7 adders
  5 adder zombies (D:4)
  2 worms (D:2)
  4 orcs
  An endoplasm (D:2)
  2 giant cockroaches
  4 goblins
  6 hobgoblins
  A jackal (D:3)
  3 kobolds
  2 quokkas
  6 ball pythons
  A bat (D:3)
  2 frilled lizards (D:2)
  4 rats
59 creatures vanquished.

Notes
Turn   | Place    | Note
-------+----------+-------------------------------------------
     0 | D:1      | monsoonserge the Gnoll Ice Elementalist began the quest for
                  | the Orb.
     0 | D:1      | Reached XP level 1. HP: 13/13 MP: 6/6
   650 | D:2      | Reached XP level 2. HP: 17/19 MP: 5/7
   699 | D:1      | Reached skill level 5 in Spellcasting
   699 | D:1      | Reached XP level 3. HP: 22/25 MP: 5/9
   806 | D:2      | Reached skill level 1 in Invocations
   878 | D:2      | Reached skill level 1 in Fighting
   878 | D:2      | Reached skill level 1 in Short Blades
   878 | D:2      | Reached skill level 1 in Long Blades
   878 | D:2      | Reached skill level 1 in Axes
   878 | D:2      | Reached skill level 1 in Maces & Flails
   878 | D:2      | Reached skill level 1 in Polearms
   878 | D:2      | Reached skill level 1 in Staves
   878 | D:2      | Reached skill level 1 in Ranged Weapons
   878 | D:2      | Reached skill level 1 in Throwing
   878 | D:2      | Reached skill level 1 in Armour
   878 | D:2      | Reached skill level 1 in Shields
   878 | D:2      | Reached skill level 1 in Unarmed Combat
   878 | D:2      | Reached skill level 1 in Evocations
  1097 | D:2      | Reached XP level 4. HP: 22/32 MP: 8/11
  1319 | D:2      | Learned a level 3 spell: Frozen Ramparts
  1323 | D:2      | Learned a level 3 spell: Ozocubu's Armour
  1359 | D:2      | Reached skill level 1 in Conjurations
  1359 | D:2      | Reached skill level 1 in Hexes
  1359 | D:2      | Reached skill level 1 in Summonings
  1359 | D:2      | Reached skill level 1 in Necromancy
  1359 | D:2      | Reached skill level 1 in Translocations
  1359 | D:2      | Reached skill level 1 in Transmutations
  1359 | D:2      | Reached skill level 1 in Fire Magic
  1359 | D:2      | Reached skill level 1 in Air Magic
  1359 | D:2      | Reached skill level 1 in Earth Magic
  1359 | D:2      | Reached skill level 1 in Poison Magic
  1561 | D:3      | Identified the -2 cloak "Kozy" {rF+ Int+5 Stlth-}
  2358 | D:4      | Noticed a phantom
  2410 | D:3      | Reached XP level 5. HP: 14/37 MP: 5/12
  2917 | D:4      | Reached XP level 6. HP: 29/44 MP: 14/14
  3012 | D:3      | Reached skill level 5 in Dodging
  3101 | D:4      | Noticed Natasha
  3118 | D:3      | Killed Natasha
  3230 | D:4      | HP: 3/66 [poisoned by a scorpion]
  3230 | D:4      | Slain by a scorpion

Illustrated notes

Levels and vault maps discovered:
D:1:      saegor_arrival_simple_e, layout_basic
D:2:      layout_basic
D:3:      layout_basic, minmay_vboxes
D:4:      minmay_opposing_rooms, layout_cave_pools, serial_undead,
          serial_undead_b, serial_undead_b, serial_undead_c, serial_undead_a,
          serial_undead_c, serial_undead_d, serial_undead_a, serial_undead_e,
          serial_undead_b, serial_undead_a, minmay_manual_monstrance,
          uniq_pikel, uniq_natasha, uniq_menkaure

Skill      XL: |  1  2  3  4  5  6 |
---------------+-------------------+-----
Spellcasting   | 5 |  5.4
Invocations    | 1 2 |  2.4
Fighting       | 1 2 |  2.1
Short Blades   | 1 2 |  2.1
Long Blades    | 1 2 |  2.1
Axes           | 1 2 |  2.1
Maces & Flails | 1 2 |  2.1
Polearms       | 1 2 |  2.1
Staves         | 1 2 |  2.1
Ranged Weapons | 1 2 |  2.1
Throwing       | 1 2 |  2.1
Armour         | 1 2 |  2.1
Shields        | 1 2 |  2.1
Unarmed Combat | 1 2 |  2.1
Evocations     | 1 2 |  2.1
Conjurations   | 1 |  1.7
Hexes          | 1 |  1.7
Summonings     | 1 |  1.7
Necromancy     | 1 |  1.7
Translocations | 1 |  1.7
Transmutations | 1 |  1.7
Fire Magic     | 1 |  1.7
Air Magic      | 1 |  1.7
Earth Magic    | 1 |  1.7
Poison Magic   | 1 |  1.7
Dodging        | 5 |  5.1
Stealth        | |  4.7
Ice Magic      | |  7.3

Action                     |  1- 3 |  4- 6 || total
---------------------------+-------+-------++-------
  Melee: Short sword       |    16 |    40 ||    56
         Staff             |       |    63 ||    63
         Bite              |       |     8 ||     8
         Punch             |       |     1 ||     1
   Cast: Freeze            |    15 |    23 ||    38
         Frozen Ramparts   |       |    12 ||    12
         Ozocubu's Armour  |       |     6 ||     6
    Use: Potion            |       |     3 ||     3
   Stab: Sleeping          |     2 |     2 ||     4
 Armour: Robe              |     1 |       ||     1
         Leather armour    |       |    60 ||    60
  Dodge: Dodged            |    25 |   139 ||   164
